3AA
OTTAWA NATIONALS @ SPRINGFIELD SHOOTERS
07/12/2026
 
TOP OF THE 1ST
Ottawa Nationals batting - Pitching for Springfield Shooters : RHP Victor de Meij
Pitching: RHP Victor de Meij
Batting: RHB Eduardo Morales 0-0: Called Strike
0-1: Ball
1-1: Called Strike
1-2: Strikes out swinging
Batting: RHB Louis Espinosa 0-0: Foul Ball, location: 2F
0-1: Ball
1-1: Ball
2-1: Ball
3-1: Called Strike
3-2: Ground out 5-3 (Groundball, 5S)
Batting: SHB Martín Marrero 0-0: Called Strike
0-1: SINGLE (Groundball, 34D)
Batting: LHB Ruben Yim 0-0: Called Strike
0-1: Foul Ball, location: 2F
0-2: Ball
1-2: Ground out 3-1 (Groundball, 34)
Top of the 1st over - 0 run(s), 1 hit(s), 0 error(s), 1 left on base; Ottawa 0 - Springfield 0
BOTTOM OF THE 1ST
Springfield Shooters batting - Pitching for Ottawa Nationals : RHP Travis Nelson
Pitching: RHP Travis Nelson
Batting: RHB Gabrio Campoverde 0-0: Ball
1-0: Foul Ball, location: 2F
1-1: Ball
2-1: Ground out 5-3 (Groundball, 56)
Batting: RHB Frank Crocker 0-0: Ground out 6-3 (Groundball, 6D)
Batting: LHB Adrián Gómez 0-0: Ground out 6-3 (Groundball, 6M)
Bottom of the 1st over - 0 run(s), 0 hit(s), 0 error(s), 0 left on base; Ottawa 0 - Springfield 0
TOP OF THE 2ND
Ottawa Nationals batting - Pitching for Springfield Shooters : RHP Victor de Meij
Batting: RHB Vincente Fuentes 0-0: Ball
1-0: Swinging Strike
1-1: Foul Ball, location: 2F
1-2: Foul Ball, location: 2F
1-2: Fly out, F8 (Flyball, 8LXD)
Batting: RHB Markus Thompson 0-0: Called Strike
0-1: Foul Ball, location: 2F
0-2: Ground out 6-3 (Groundball, 6MD)
Batting: LHB Jesús Mancía 0-0: Called Strike
0-1: Fly out, F7 (Line Drive, 7)
Top of the 2nd over - 0 run(s), 0 hit(s), 0 error(s), 0 left on base; Ottawa 0 - Springfield 0
BOTTOM OF THE 2ND
Springfield Shooters batting - Pitching for Ottawa Nationals : RHP Travis Nelson
Batting: RHB Steve Ladner 0-0: Ball
1-0: Ball
2-0: Foul Ball, location: 2F
2-1: Ball
3-1: Called Strike
3-2: Foul Ball, location: 2F
3-2: Fly out, F6 (Line Drive, 6)
Batting: RHB Ty Struck 0-0: Ball
1-0: Called Strike
1-1: Foul Ball, location: 2F
1-2: Strikes out swinging
Batting: RHB Grady Walkinshaw 0-0: Ball
1-0: Ball
2-0: Foul Ball, location: 2F
2-1: Swinging Strike
2-2: Foul Ball, location: 2F
2-2: Ground out 5-3 (Groundball, 56)
Bottom of the 2nd over - 0 run(s), 0 hit(s), 0 error(s), 0 left on base; Ottawa 0 - Springfield 0
TOP OF THE 3RD
Ottawa Nationals batting - Pitching for Springfield Shooters : RHP Victor de Meij
Batting: RHB Warren Martin 0-0: Foul Ball, location: 2F
0-1: SINGLE (Groundball, 6MD)
Batting: RHB Duane Wills 0-0: Ball
Warren Martin is caught stealing 2nd base
1-0: Ball
2-0: Swinging Strike
2-1: Ball
3-1: Foul Ball, location: 2F
3-2: Strikes out swinging
Batting: RHB Eduardo Morales 0-0: Called Strike
0-1: Ball
1-1: Ball
2-1: Ball
3-1: Ground out 1-3 (Groundball, 13)
Top of the 3rd over - 0 run(s), 1 hit(s), 0 error(s), 0 left on base; Ottawa 0 - Springfield 0
BOTTOM OF THE 3RD
Springfield Shooters batting - Pitching for Ottawa Nationals : RHP Travis Nelson
Batting: RHB Mark Smiley 0-0: Ball
1-0: Ball
2-0: Swinging Strike
2-1: SINGLE (Flyball, 78S)
Batting: RHB Javier Vásquez 0-0: Ball
1-0: 2-RUN HOME RUN (Flyball, 89XD), Distance : 412 ft
Batting: RHB Carlos Cardona 0-0: Fly out, F9 (Line Drive, 9S)
Batting: RHB Gabrio Campoverde 0-0: Ball
1-0: Called Strike
1-1: Foul Ball, location: 2F
1-2: Strikes out swinging
Batting: RHB Frank Crocker 0-0: Ball
1-0: Foul Ball, location: 2F
1-1: SINGLE (Line Drive, 7S)
Batting: LHB Adrián Gómez 0-0: Ball
1-0: DOUBLE (Line Drive, 9LM)
Frank Crocker to third
Runner from 3rd tries for Home, SAFE, no throw
Batting: RHB Steve Ladner 0-0: Foul Ball, location: 2F
0-1: SINGLE (Line Drive, 4MD)
Adrián Gómez to third
Batting: RHB Ty Struck 0-0: Foul Ball, location: 2F
0-1: SINGLE (Groundball, 56) (infield hit)
Adrián Gómez scores
Steve Ladner to second
Batting: RHB Grady Walkinshaw 0-0: Called Strike
0-1: Swinging Strike
0-2: Ball
1-2: Ball
2-2: Fly out, F8 (Flyball, 8LD)
Bottom of the 3rd over - 4 run(s), 6 hit(s), 0 error(s), 2 left on base; Ottawa 0 - Springfield 4
TOP OF THE 4TH
Ottawa Nationals batting - Pitching for Springfield Shooters : RHP Victor de Meij
Batting: RHB Louis Espinosa 0-0: Ball
1-0: Ball
2-0: Foul Ball, location: 2F
2-1: Swinging Strike
2-2: Foul Ball, location: 2F
2-2: Ball
3-2: Strikes out swinging
Batting: SHB Martín Marrero 0-0: Ball
1-0: Ball
2-0: Ground out 4-3 (Groundball, 4M)
Batting: LHB Ruben Yim 0-0: Ball
1-0: Swinging Strike
1-1: Swinging Strike
1-2: Foul Ball, location: 2F
1-2: Ball
2-2: Foul Ball, location: 2F
2-2: Strikes out swinging
Top of the 4th over - 0 run(s), 0 hit(s), 0 error(s), 0 left on base; Ottawa 0 - Springfield 4
BOTTOM OF THE 4TH
Springfield Shooters batting - Pitching for Ottawa Nationals : RHP Travis Nelson
Batting: RHB Mark Smiley 0-0: Ball
1-0: Foul Ball, location: 2F
1-1: Called Strike
1-2: Ground out 4-3 (Groundball, 34)
Batting: RHB Javier Vásquez 0-0: Ball
1-0: Called Strike
1-1: Foul Ball, location: 2F
1-2: Foul Ball, location: 2F
1-2: Strikes out swinging
Batting: RHB Carlos Cardona 0-0: Ball
1-0: Called Strike
1-1: Foul Ball, location: 2F
1-2: Foul Ball, location: 2F
1-2: Ball
2-2: Fly out, F9 (Flyball, 9S)
Bottom of the 4th over - 0 run(s), 0 hit(s), 0 error(s), 0 left on base; Ottawa 0 - Springfield 4
TOP OF THE 5TH
Ottawa Nationals batting - Pitching for Springfield Shooters : RHP Victor de Meij
Batting: RHB Vincente Fuentes 0-0: Ball
1-0: Ball
2-0: Ball
3-0: Called Strike
3-1: Reached on error, E5 (Groundball, 56)
Batting: RHB Markus Thompson 0-0: SINGLE (Line Drive, 4D)
Vincente Fuentes to third
Batting: LHB Jesús Mancía 0-0: Swinging Strike
0-1: Ball
1-1: Called Strike
1-2: Ball
2-2: Ball
3-2: Foul Ball, location: 2F
3-2: Fly out, F8 (Flyball, 8RD)
Runner from 3rd tags up, SCORES, no throw
Batting: RHB Warren Martin 0-0: Bunted foul
0-1: Grounds into double play, 4-6-3 (Groundball, 4)
Top of the 5th over - 1 run(s), 1 hit(s), 1 error(s), 0 left on base; Ottawa 1 - Springfield 4
BOTTOM OF THE 5TH
Springfield Shooters batting - Pitching for Ottawa Nationals : RHP Travis Nelson
Batting: RHB Gabrio Campoverde 0-0: Ball
1-0: Ground out 6-3 (Groundball, 6)
Batting: RHB Frank Crocker 0-0: Ball
1-0: Called Strike
1-1: Ball
2-1: Called Strike
2-2: Ground out 6-3 (Groundball, 6)
Batting: LHB Adrián Gómez 0-0: Called Strike
0-1: Swinging Strike
0-2: Ground out U3 (Groundball, 34)
Bottom of the 5th over - 0 run(s), 0 hit(s), 0 error(s), 0 left on base; Ottawa 1 - Springfield 4
TOP OF THE 6TH
Ottawa Nationals batting - Pitching for Springfield Shooters : RHP Victor de Meij
Batting: RHB Duane Wills 0-0: Ball
1-0: Ball
2-0: Called Strike
2-1: Fly out, F7 (Flyball, 7S)
Batting: RHB Eduardo Morales 0-0: Foul Ball, location: 2F
0-1: Ball
1-1: Called Strike
1-2: Strikes out swinging
Batting: RHB Louis Espinosa 0-0: Swinging Strike
0-1: Fly out, F9 (Flyball, 89M)
Top of the 6th over - 0 run(s), 0 hit(s), 0 error(s), 0 left on base; Ottawa 1 - Springfield 4
BOTTOM OF THE 6TH
Springfield Shooters batting - Pitching for Ottawa Nationals : RHP Travis Nelson
Batting: RHB Steve Ladner 0-0: Ball
1-0: Foul Ball, location: 2F
1-1: Foul Ball, location: 2F
1-2: Fly out, F6 (Popup, 6S)
Batting: RHB Ty Struck 0-0: Foul Ball, location: 2F
0-1: Fly out, F7 (Flyball, 7)
Batting: RHB Grady Walkinshaw 0-0: Ball
1-0: Called Strike
1-1: SINGLE (Line Drive, 6)
Batting: RHB Mark Smiley 0-0: Ball
1-0: Fielders Choice at 2nd, U4 (Groundball, 4M)
Bottom of the 6th over - 0 run(s), 1 hit(s), 0 error(s), 1 left on base; Ottawa 1 - Springfield 4
TOP OF THE 7TH
Ottawa Nationals batting - Pitching for Springfield Shooters : RHP Victor de Meij
Batting: SHB Martín Marrero 0-0: Called Strike
0-1: Called Strike
0-2: Foul Ball, location: 2F
0-2: Strikes out swinging
Batting: LHB Ruben Yim 0-0: Ball
1-0: Foul Ball, location: 2F
1-1: Swinging Strike
1-2: Ball
2-2: Strikes out swinging
Batting: RHB Vincente Fuentes 0-0: Called Strike
0-1: Called Strike
0-2: Foul Ball, location: 2F
0-2: Strikes out swinging
Top of the 7th over - 0 run(s), 0 hit(s), 0 error(s), 0 left on base; Ottawa 1 - Springfield 4
BOTTOM OF THE 7TH
Springfield Shooters batting - Pitching for Ottawa Nationals : RHP Travis Nelson
Batting: RHB Javier Vásquez 0-0: Fly out, F9 (Flyball, 9LMF)
Batting: RHB Carlos Cardona 0-0: Ball
1-0: Ground out 6-3 (Groundball, 6)
Batting: RHB Gabrio Campoverde 0-0: Ball
1-0: Called Strike
1-1: Ball
2-1: Ball
3-1: Base on Balls
Batting: RHB Frank Crocker 0-0: Called Strike
0-1: Ground out 1-3 (Groundball, P)
Bottom of the 7th over - 0 run(s), 0 hit(s), 0 error(s), 1 left on base; Ottawa 1 - Springfield 4
TOP OF THE 8TH
Ottawa Nationals batting - Pitching for Springfield Shooters : RHP Victor de Meij
Now at SS: Johnny Bryant
Batting: RHB Markus Thompson 0-0: Called Strike
0-1: Ball
1-1: Ball
2-1: Fly out, F8 (Line Drive, 78M)
Batting: LHB Jesús Mancía 0-0: Ball
1-0: Foul Ball, location: 2F
1-1: Ball
2-1: Foul Ball, location: 2F
2-2: Strikes out swinging
Batting: RHB Warren Martin 0-0: Ball
1-0: Called Strike
1-1: Ball
2-1: Foul Ball, location: 2F
2-2: Ball
3-2: Ground out 4-3 (Groundball, 4)
Top of the 8th over - 0 run(s), 0 hit(s), 0 error(s), 0 left on base; Ottawa 1 - Springfield 4
BOTTOM OF THE 8TH
Springfield Shooters batting - Pitching for Ottawa Nationals : RHP Travis Nelson
Batting: LHB Adrián Gómez 0-0: Ball
1-0: Called Strike
1-1: Foul Ball, location: 2F
1-2: Ball
2-2: Ground out 6-3 (Groundball, 6)
Batting: RHB Steve Ladner 0-0: Ball
1-0: Ball
2-0: Ball
3-0: Base on Balls
Batting: RHB Ty Struck 0-0: Called Strike
0-1: Foul Ball, location: 2F
0-2: Ball
1-2: Strikes out looking
Pitching: RHP Norberto Flores
Batting: RHB Grady Walkinshaw 0-0: Called Strike
0-1: Fly out, F9 (Flyball, 89S)
Bottom of the 8th over - 0 run(s), 0 hit(s), 0 error(s), 1 left on base; Ottawa 1 - Springfield 4
TOP OF THE 9TH
Ottawa Nationals batting - Pitching for Springfield Shooters : RHP Victor de Meij
Pitching: LHP Walt Cooley
Now at 1B: Tony Cantú
Batting: RHB Duane Wills 0-0: Ball
1-0: Called Strike
1-1: Swinging Strike
1-2: Ball
2-2: Foul Ball, location: 2F
2-2: Strikes out swinging
Batting: RHB Eduardo Morales 0-0: Ball
1-0: Foul Ball, location: 2F
1-1: Ball
2-1: Ball
3-1: Base on Balls
Batting: RHB Louis Espinosa 0-0: Fly out, F7 (Flyball, 78M)
Batting: SHB Martín Marrero 0-0: Ball
1-0: Ball
2-0: DOUBLE (Flyball, 78M)
Eduardo Morales to third
Pinch Hitting: RHB Juan Román 0-0: Ball
1-0: Called Strike
1-1: Ball
2-1: Foul Ball, location: 2F
2-2: Foul Ball, location: 2F
2-2: Strikes out swinging
Top of the 9th over - 0 run(s), 1 hit(s), 0 error(s), 2 left on base; Ottawa 1 - Springfield 4
Monday, March 20th, 2017 - OOTP Baseball 17.12 Build 75